ESL (28 & UNDER)
PENQUANNOCK OVERRATED JETER @ MT PLEASANT BEARCATS
07/03/2027
 
TOP OF THE 1ST
Penquannock Overrated Jeter batting - Pitching for Mt Pleasant Bearcats : RHP Ricardo Quiñones
Pitching: RHP Ricardo Quiñones
Batting: RHB Aaron Holt 0-0: Ball
1-0: Ball
2-0: Called Strike
2-1: Fly out, F5 (Line Drive, 5)
Batting: RHB António Rodríguez 0-0: Called Strike
0-1: Foul Ball, location: 2F
0-2: Ball
1-2: Strikes out swinging
Batting: RHB Doug Brown 0-0: Called Strike
0-1: Ball
1-1: Fly out, F8 (Line Drive, 8LM)
Top of the 1st over - 0 run(s), 0 hit(s), 0 error(s), 0 left on base; Penquannock 0 - Mt Pleasant 0
BOTTOM OF THE 1ST
Mt Pleasant Bearcats batting - Pitching for Penquannock Overrated Jeter : RHP Richard Edwards
Pitching: RHP Richard Edwards
Batting: RHB Jeffrey Hicks 0-0: Swinging Strike
0-1: Ground out 4-3 (Groundball, 4)
Batting: RHB Ricardo Salazar 0-0: Ball
1-0: Ball
2-0: Called Strike
2-1: Ball
3-1: Called Strike
3-2: Foul Ball, location: 2F
3-2: Strikes out swinging
Batting: RHB Pat Fernández 0-0: Foul Ball, location: 2F
0-1: Ball
1-1: Fly out, F4 (Popup, 4MD)
Bottom of the 1st over - 0 run(s), 0 hit(s), 0 error(s), 0 left on base; Penquannock 0 - Mt Pleasant 0
TOP OF THE 2ND
Penquannock Overrated Jeter batting - Pitching for Mt Pleasant Bearcats : RHP Ricardo Quiñones
Batting: RHB Armando Pagán 0-0: Called Strike
0-1: Ball
1-1: Foul Ball, location: 2F
1-2: Foul Ball, location: 2F
1-2: Foul Ball, location: 2F
1-2: Foul Ball, location: 2F
1-2: Fly out, F9 (Line Drive, 9)
Batting: LHB Pete Weber 0-0: Fly out, F6 (Line Drive, 6)
Batting: LHB Tony Green 0-0: Ball
1-0: Called Strike
1-1: Foul Ball, location: 2F
1-2: Ball
2-2: Ball
3-2: Fly out, F8 (Flyball, 8RS)
Top of the 2nd over - 0 run(s), 0 hit(s), 0 error(s), 0 left on base; Penquannock 0 - Mt Pleasant 0
BOTTOM OF THE 2ND
Mt Pleasant Bearcats batting - Pitching for Penquannock Overrated Jeter : RHP Richard Edwards
Batting: SHB Roberto Rivera 0-0: Ball
1-0: Ball
2-0: Ball
3-0: Base on Balls
Batting: RHB Irving Galloway 0-0: Ball
1-0: Called Strike
1-1: SINGLE (Groundball, 34D)
Roberto Rivera to second
Batting: RHB Tom Hicks 0-0: Foul Ball, location: 2F
0-1: Foul Ball, location: 2F
0-2: Grounds into double play, 6-4-3 (Groundball, 56)
Roberto Rivera to third
Batting: RHB Chris Jones 0-0: Ball
1-0: Foul Ball, location: 2F
1-1: 2-RUN HOME RUN (Flyball, 7LD), Distance : 362 ft
Batting: RHB Ichizo Akiyama 0-0: SOLO HOME RUN (Flyball, 7D), Distance : 382 ft
Batting: SHB Juan Carlos González 0-0: Ball
1-0: Swinging Strike
1-1: Bunted foul
1-2: Ball
2-2: SINGLE (Line Drive, 8LS)
Batting: RHB Jeffrey Hicks 0-0: Ball
1-0: Swinging Strike
1-1: Ball
2-1: Fielders Choice at 2nd, 5-4 (Groundball, 5L)
Bottom of the 2nd over - 3 run(s), 4 hit(s), 0 error(s), 0 left on base; Penquannock 0 - Mt Pleasant 3
TOP OF THE 3RD
Penquannock Overrated Jeter batting - Pitching for Mt Pleasant Bearcats : RHP Ricardo Quiñones
Batting: RHB José Velásquez 0-0: Swinging Strike
0-1: Ground out 6-3 (Groundball, 6)
Batting: RHB Barton Frazier 0-0: Ball
1-0: Ball
2-0: Called Strike
2-1: Foul Ball, location: 2F
2-2: Strikes out swinging
Batting: LHB Matt Reese 0-0: Ball
1-0: Ball
2-0: Called Strike
2-1: Ground out 4-3 (Groundball, 34D)
Top of the 3rd over - 0 run(s), 0 hit(s), 0 error(s), 0 left on base; Penquannock 0 - Mt Pleasant 3
BOTTOM OF THE 3RD
Mt Pleasant Bearcats batting - Pitching for Penquannock Overrated Jeter : RHP Richard Edwards
Batting: RHB Ricardo Salazar 0-0: Called Strike
0-1: DOUBLE (Line Drive, 9LD)
Batting: RHB Pat Fernández 0-0: Ball
1-0: Called Strike
1-1: Swinging Strike
1-2: Strikes out swinging
Batting: SHB Roberto Rivera 0-0: Called Strike
0-1: Called Strike
0-2: Ball
1-2: 2-RUN HOME RUN (Flyball, 89XD), Distance : 418 ft
Batting: RHB Irving Galloway 0-0: Ball
1-0: SINGLE (Groundball, 34D)
Batting: RHB Tom Hicks 0-0: Ball
1-0: Called Strike
1-1: Ball
2-1: Called Strike
2-2: Strikes out swinging
Irving Galloway steals 2nd base
Batter strikes out.
Batting: RHB Chris Jones 0-0: Ball
1-0: DOUBLE (Line Drive, 78D)
Irving Galloway scores
Batting: RHB Ichizo Akiyama 0-0: Called Strike
0-1: Foul Ball, location: 2F
0-2: Foul Ball, location: 2F
0-2: Fly out, F8 (Flyball, 8LM)
Bottom of the 3rd over - 3 run(s), 4 hit(s), 0 error(s), 1 left on base; Penquannock 0 - Mt Pleasant 6
TOP OF THE 4TH
Penquannock Overrated Jeter batting - Pitching for Mt Pleasant Bearcats : RHP Ricardo Quiñones
Batting: RHB Aaron Holt 0-0: Ground out 5-3 (Groundball, 56)
Batting: RHB António Rodríguez 0-0: Fly out, F7 (Flyball, 7)
Batting: RHB Doug Brown 0-0: Ball
1-0: Ball
2-0: Called Strike
2-1: Ground out 6-3 (Groundball, 6)
Top of the 4th over - 0 run(s), 0 hit(s), 0 error(s), 0 left on base; Penquannock 0 - Mt Pleasant 6
BOTTOM OF THE 4TH
Mt Pleasant Bearcats batting - Pitching for Penquannock Overrated Jeter : RHP Richard Edwards
Batting: SHB Juan Carlos González 0-0: Ball
1-0: Swinging Strike
1-1: Foul Ball, location: 2F
1-2: Ball
2-2: SINGLE (Line Drive, 34)
Pitching: LHP Héctor Díaz
Batting: RHB Jeffrey Hicks 0-0: Ball
1-0: Ball
2-0: Ball
3-0: Base on Balls
Juan Carlos González to second
Batting: RHB Ricardo Salazar 0-0: Ball
1-0: SINGLE (Groundball, 4MD)
Juan Carlos González to third
Jeffrey Hicks to second
Runner from 3rd tries for Home, SAFE, no throw
Batting: RHB Pat Fernández 0-0: DOUBLE (Flyball, 78D)
Jeffrey Hicks scores
Ricardo Salazar to third
Batting: SHB Roberto Rivera 0-0: Called Strike
0-1: Swinging Strike
0-2: Ball
1-2: DOUBLE (Line Drive, 9D)
Ricardo Salazar scores
Pat Fernández scores
Batting: RHB Irving Galloway 0-0: Swinging Strike
0-1: Foul Ball, location: 2F
0-2: Ball
1-2: Strikes out looking
Batting: RHB Tom Hicks 0-0: Ball
1-0: Ball
2-0: Called Strike
2-1: Foul Ball, location: 2F
2-2: Ball
3-2: Foul Ball, location: 2F
3-2: Base on Balls
Batting: RHB Chris Jones 0-0: Ball
1-0: Ball
2-0: Foul Ball, location: 2F
2-1: Ball
3-1: Base on Balls
Roberto Rivera to third
Tom Hicks to second
Batting: RHB Ichizo Akiyama 0-0: Called Strike
0-1: Fielders Choice at 2nd, 6-4 (Groundball, 6M)
Roberto Rivera scores
Tom Hicks to third
Batting: SHB Juan Carlos González 0-0: Swinging Strike
0-1: Ball
1-1: Ball
2-1: Ball
3-1: Swinging Strike
3-2: Strikes out swinging
Bottom of the 4th over - 5 run(s), 4 hit(s), 0 error(s), 2 left on base; Penquannock 0 - Mt Pleasant 11
TOP OF THE 5TH
Penquannock Overrated Jeter batting - Pitching for Mt Pleasant Bearcats : RHP Ricardo Quiñones
Batting: RHB Armando Pagán 0-0: Ball
1-0: Ball
2-0: Ball
3-0: Base on Balls
Batting: LHB Pete Weber 0-0: Foul Ball, location: 2F
0-1: Foul Ball, location: 2F
0-2: Ball
1-2: Strikes out swinging
Batting: LHB Tony Green 0-0: Called Strike
0-1: Swinging Strike
0-2: Foul Ball, location: 2F
0-2: Ball
1-2: Ball
2-2: Ball
3-2: Fly out, F4 (Line Drive, 4)
Lined into DP, 4-3 (Line Drive, 4)
Top of the 5th over - 0 run(s), 0 hit(s), 0 error(s), 0 left on base; Penquannock 0 - Mt Pleasant 11
BOTTOM OF THE 5TH
Mt Pleasant Bearcats batting - Pitching for Penquannock Overrated Jeter : LHP Héctor Díaz
Batting: RHB Jeffrey Hicks 0-0: Ball
1-0: Called Strike
1-1: Called Strike
1-2: Foul Ball, location: 2F
1-2: Foul Ball, location: 2F
1-2: SINGLE (Groundball, 6M) (infield hit)
Pitching: RHP Tom Thompson
Batting: RHB Ricardo Salazar 0-0: Ball
1-0: Ball
2-0: Foul Ball, location: 2F
2-1: Fly out, F6 (Line Drive, 6)
Batting: RHB Pat Fernández 0-0: Ball
1-0: Swinging Strike
1-1: Ball
2-1: Ball
3-1: Base on Balls
Jeffrey Hicks to second
Batting: SHB Roberto Rivera 0-0: Reached on error, E3 (Groundball, 3)
Jeffrey Hicks to third
Pat Fernández to second
Batting: RHB Irving Galloway 0-0: GRAND SLAM HOME RUN (Flyball, 7D), Distance : 374 ft
Batting: RHB Tom Hicks 0-0: Ball
1-0: Called Strike
1-1: Ground out 6-3 (Groundball, 56)
Batting: RHB Chris Jones 0-0: Ball
1-0: Ball
2-0: Called Strike
2-1: Foul Ball, location: 2F
2-2: Strikes out swinging
Bottom of the 5th over - 4 run(s), 2 hit(s), 1 error(s), 0 left on base; Penquannock 0 - Mt Pleasant 15
TOP OF THE 6TH
Penquannock Overrated Jeter batting - Pitching for Mt Pleasant Bearcats : RHP Ricardo Quiñones
Batting: RHB José Velásquez 0-0: SINGLE (Groundball, 34D)
Batting: RHB Barton Frazier 0-0: Ball
1-0: Foul Ball, location: 2F
1-1: Called Strike
1-2: Ball
2-2: Foul Ball, location: 2F
2-2: Ball
3-2: Fly out, F4 (Popup, 3D)
Batting: LHB Matt Reese 0-0: Called Strike
0-1: Ball
1-1: Ball
2-1: Ball
3-1: Base on Balls
José Velásquez to second
Batting: RHB Aaron Holt 0-0: Ball
1-0: SINGLE (Flyball, 8RS)
José Velásquez to third
Matt Reese to second
Runner from 3rd tries for Home, SAFE, no throw
Batting: RHB António Rodríguez 0-0: Ball
1-0: Ball
2-0: Foul Ball, location: 2F
2-1: Foul Ball, location: 2F
2-2: Foul Ball, location: 2F
2-2: Foul Ball, location: 2F
2-2: Fly out, F9 (Flyball, 9S)
Batting: RHB Doug Brown 0-0: Fly out, F3 (Popup, 3L)
Top of the 6th over - 1 run(s), 2 hit(s), 0 error(s), 2 left on base; Penquannock 1 - Mt Pleasant 15
BOTTOM OF THE 6TH
Mt Pleasant Bearcats batting - Pitching for Penquannock Overrated Jeter : RHP Tom Thompson
Batting: RHB Ichizo Akiyama 0-0: Called Strike
0-1: Ball
1-1: Ball
2-1: Foul Ball, location: 2F
2-2: Foul Ball, location: 2F
2-2: Strikes out swinging
Batting: SHB Juan Carlos González 0-0: Called Strike
0-1: Foul Ball, location: 2F
0-2: Strikes out swinging
Batting: RHB Jeffrey Hicks 0-0: Foul Ball, location: 2F
0-1: Ball
1-1: Foul Ball, location: 2F
1-2: Ball
2-2: Hit by Pitch
Batting: RHB Ricardo Salazar 0-0: Foul Ball, location: 2F
0-1: Ball
1-1: Ball
2-1: Called Strike
2-2: Ball
3-2: Strikes out looking
Bottom of the 6th over - 0 run(s), 0 hit(s), 0 error(s), 1 left on base; Penquannock 1 - Mt Pleasant 15
TOP OF THE 7TH
Penquannock Overrated Jeter batting - Pitching for Mt Pleasant Bearcats : RHP Ricardo Quiñones
Batting: RHB Armando Pagán 0-0: Ball
1-0: Called Strike
1-1: Foul Ball, location: 2F
1-2: Strikes out swinging
Batting: LHB Pete Weber 0-0: Ball
1-0: Ground out U3 (Groundball, 34)
Batting: LHB Tony Green 0-0: Called Strike
0-1: Ball
1-1: Ball
2-1: Fly out, F2 (Popup, 3S)
Top of the 7th over - 0 run(s), 0 hit(s), 0 error(s), 0 left on base; Penquannock 1 - Mt Pleasant 15
BOTTOM OF THE 7TH
Mt Pleasant Bearcats batting - Pitching for Penquannock Overrated Jeter : RHP Tom Thompson
Batting: RHB Pat Fernández 0-0: Ball
1-0: Foul Ball, location: 2F
1-1: Foul Ball, location: 2F
1-2: Ball
2-2: Hit by Pitch
Batting: SHB Roberto Rivera Balk!
Pat Fernández to second
0-0: Swinging Strike
0-1: DOUBLE (Line Drive, 9LM)
Pat Fernández scores
Batting: RHB Irving Galloway 0-0: Ball
1-0: Foul Ball, location: 2F
1-1: Ball
2-1: Ball
3-1: Foul Ball, location: 2F
3-2: Base on Balls
Batting: RHB Tom Hicks 0-0: Ball
1-0: Ball
2-0: Ball
3-0: Base on Balls
Roberto Rivera to third
Irving Galloway to second
Batting: RHB Chris Jones 0-0: Ball
1-0: Ball
2-0: Foul Ball, location: 2F
2-1: Grounds into double play, 5-4-3 (Groundball, 5)
Roberto Rivera scores
Irving Galloway to third
Pitching: RHP Pedro Ramírez
Batting: RHB Ichizo Akiyama 0-0: Ball
1-0: Foul Ball, location: 2F
1-1: Foul Ball, location: 2F
1-2: Foul Ball, location: 2F
1-2: Strikes out swinging
Bottom of the 7th over - 2 run(s), 1 hit(s), 0 error(s), 1 left on base; Penquannock 1 - Mt Pleasant 17
TOP OF THE 8TH
Penquannock Overrated Jeter batting - Pitching for Mt Pleasant Bearcats : RHP Ricardo Quiñones
Pitching: RHP Renaldo Quilh
Batting: RHB José Velásquez 0-0: Ball
1-0: Called Strike
1-1: Ball
2-1: SINGLE (Groundball, 56S) (infield hit)
Batting: RHB Barton Frazier 0-0: Swinging Strike
0-1: Ball
1-1: SINGLE (Groundball, 56S) (infield hit)
José Velásquez to second
Batting: LHB Matt Reese 0-0: Called Strike
0-1: Called Strike
0-2: Ball
1-2: Strikes out swinging
Batting: RHB Aaron Holt 0-0: Ball
1-0: Grounds into double play, 6-4-3 (Groundball, 6)
Top of the 8th over - 0 run(s), 2 hit(s), 0 error(s), 1 left on base; Penquannock 1 - Mt Pleasant 17
BOTTOM OF THE 8TH
Mt Pleasant Bearcats batting - Pitching for Penquannock Overrated Jeter : RHP Pedro Ramírez
Batting: SHB Juan Carlos González 0-0: Ball
1-0: Ball
2-0: Ball
3-0: Called Strike
3-1: Called Strike
3-2: Strikes out swinging
Batting: RHB Jeffrey Hicks 0-0: Called Strike
0-1: Ball
1-1: Ball
2-1: Foul Ball, location: 2F
2-2: SINGLE (Groundball, 4MD)
Batting: RHB Ricardo Salazar 0-0: Ball
1-0: Foul Ball, location: 2F
1-1: Called Strike
1-2: Foul Ball, location: 2F
Balk!
Jeffrey Hicks to second
1-2: Foul Ball, location: 2F
1-2: Ball
2-2: Strikes out swinging
Batting: RHB Pat Fernández 0-0: Ball
1-0: Foul Ball, location: 2F
1-1: Ball
2-1: Fly out, F5 (Popup, 5L)
Bottom of the 8th over - 0 run(s), 1 hit(s), 0 error(s), 1 left on base; Penquannock 1 - Mt Pleasant 17
TOP OF THE 9TH
Penquannock Overrated Jeter batting - Pitching for Mt Pleasant Bearcats : RHP Renaldo Quilh
Now at 1B: Yasutoki Kojima
Now in RF: Juan Trujillo
Batting: RHB António Rodríguez 0-0: Called Strike
0-1: Called Strike
0-2: Ball
1-2: Ball
2-2: Strikes out swinging
Batting: RHB Doug Brown 0-0: Fly out, F9 (Flyball, 9)
Batting: RHB Armando Pagán 0-0: Called Strike
0-1: SOLO HOME RUN (Flyball, 8RXD), Distance : 436 ft
Batting: LHB Pete Weber 0-0: Ball
1-0: Ground out 3-1 (Groundball, 34S)
Top of the 9th over - 1 run(s), 1 hit(s), 0 error(s), 0 left on base; Penquannock 2 - Mt Pleasant 17
Thursday, March 30th, 2017 - OOTP Baseball 17.12 Build 75